 Dungeon Crawl Stone Soup version 0.31-a0-358-gac0dbeb3ab (webtiles) character file.

Game seed: 7977550649821278458

366 AdnanSaban the Covered (level 6, -10/39 HPs)
             Began as a Gargoyle Fighter on July 26, 2023.
             Mangled by a wyvern (14 damage)
             ... on level 4 of the Dungeon.
             The game lasted 00:03:52 (2956 turns).

AdnanSaban the Covered (Gargoyle Fighter)           Turns: 2956, Time: 00:03:53

Health: -10/39     AC: 14    Str: 22    XL:     6   Next: 68%
Magic:  6/6        EV: 10    Int:  8    God:
Gold:   208        SH:  4    Dex:  9    Spells: 5/5 levels left

rFire   . . .        a - +0 flail
rCold   . . .        c - +0 buckler
rNeg    + . .        b - +0 scale mail
rPois   ∞            (no helmet)
rElec   +            (no cloak)
rCorr   .            k - +0 pair of gloves
SInv    .            s - +0 pair of boots
Will    .....        h - amulet of the acrobat Stlth
                     (no ring)
HPRegen 0.26/turn    (no ring)
MPRegen 0.10/turn

%: acrobat
@: no status effects
A: sickness immunity, AC +4, negative energy resistance 1, electricity
resistance, torment resistance 1, petrification resistance
a: no special abilities


You were on level 4 of the Dungeon.
You visited 1 branch of the dungeon, and saw 4 of its levels.

You collected 208 gold pieces.

Inventory:

Hand Weapons
 a - a +0 flail (weapon)
Missiles
 m - 2 poisoned darts (quivered)
 q - 3 curare-tipped darts
Armour
 b - a +0 scale mail (worn)
 c - a +0 buckler (worn)
 k - a +0 pair of gloves (worn)
 s - a +0 pair of boots (worn)
Jewellery
 f - an amulet of magic regeneration
 h - an amulet of the acrobat (around neck)
 j - a ring of fire
Scrolls
 e - a scroll of vulnerability {unknown}
 g - 2 scrolls of identify {unknown}
 i - a scroll of enchant armour {unknown}
 l - 2 scrolls of noise {unknown}
 o - a scroll of teleportation {unknown}
 p - 2 scrolls of blinking {unknown}
 t - a scroll of torment {unknown}
Potions
 d - 2 potions of might
 n - 2 potions of invisibility {unknown}
 r - a potion of enlightenment {unknown}
 u - a potion of curing {unknown}


   Skills:
 + Level 4.4 Fighting
 + Level 4.2 Maces & Flails
 + Level 4.9 Armour
 + Level 1.4 Dodging
 + Level 4.1 Shields


You had 5 spell levels left.
You didn't know any spells.
Your spell library contained the following spells:

 Spells                   Type           Power      Damage    Failure   Level
 Sting                    Tmut/Pois      0%         1d3       78%         1
 Poisonous Vapours        Pois/Air       0%         N/A       89%         2
 Mephitic Cloud           Conj/Pois/Air  0%         N/A       98%         3
 Volatile Blastmotes      Fire/Tloc      0%         2d10      98%         3
 Fulminant Prism          Conj/Hex       0%         3d5       100%        4
 Iskenderun's Mystic Bla  Conj/Tloc      0%         2d3       100%        4
 Olgreb's Toxic Radiance  Pois           0%         N/A       100%        4
 Freezing Cloud           Conj/Ice/Air   0%         6-21      100%        5


Dungeon Overview and Level Annotations

Branches:
Dungeon (4/15)
 Temple: D:4-7

Altars:

Shops:
D:1 (   D:3 [!?[


Innate Abilities, Weirdness & Mutations

You are immune to sickness and miasma.
Your stone body is resilient. (AC +4)
You are immune to poison.
You resist negative energy. (rN+)
You are resistant to electric shocks. (rElec)
You are resistant to unholy torment.
You are immune to petrification.


Message History

You are too injured to fight recklessly!
You are too injured to fight recklessly!
You are too injured to fight recklessly!
You are too injured to fight recklessly!
You are too injured to fight recklessly!
You are too injured to fight recklessly!
You are too injured to fight recklessly!
You are too injured to fight recklessly!
You are too injured to fight recklessly!
You are too injured to fight recklessly!
You are too injured to fight recklessly!
You are too injured to fight recklessly!
You are too injured to fight recklessly!
You are too injured to fight recklessly!
You are too injured to fight recklessly!
You are too injured to fight recklessly!
You hit the wyvern but do no damage.
The wyvern is heavily wounded.
You block the wyvern's attack. The wyvern barely misses you.
You barely miss the wyvern.
The wyvern is heavily wounded.
The wyvern bites you but does no damage.
The wyvern bites you!
* * * LOW HITPOINT WARNING * * *
You hit the wyvern but do no damage.
The wyvern is heavily wounded.
The wyvern bites you but does no damage.
The wyvern bites you.
* * * LOW HITPOINT WARNING * * *
You sock the wyvern!
The wyvern is almost dead.
The wyvern closely misses you. x2
You closely miss the wyvern.
The wyvern is almost dead.
The wyvern bites you.
* * * LOW HITPOINT WARNING * * *
You barely miss the wyvern.
The wyvern is almost dead.
The wyvern bites you!
You die...

##.......####......
.#####......#####...... #......
.......................
.......#.####.....####.........
.........#).##...## .#......
.......#.#...##.## # ....
.......#.##..g#.#
.......#..##Sl#.#+ .
.......#...###@..###...
...............8.......
########...###...###... #..##
+#.#+ . ###### #†## #.# #....#
#.# ##.## #....###.# ##...##
#....##..####.....##
#....<)...............


You could see a wyvern, an adder and a hobgoblin.

Vanquished Creatures
  A centaur (D:4)
  2 hounds (D:4)
  An orc priest (D:3)
  An iguana (D:4)
  Natasha (D:4)
  2 hound skeletons (D:4)
  5 adders
  An adder zombie (D:4)
  A worm (D:2)
  A dart slug (D:3)
  3 orcs
  8 ball pythons
  9 endoplasms
  2 giant cockroaches (D:1)
  A goblin (D:1)
  5 hobgoblins
  11 jackals
  2 quokkas
  A bat (D:2)
  7 frilled lizards
  5 kobolds
  6 rats
76 creatures vanquished.

Notes
Turn   | Place    | Note
-------+----------+-------------------------------------------
     0 | D:1      | AdnanSaban the Gargoyle Fighter began the quest for the
                  | Orb.
     0 | D:1      | Reached XP level 1. HP: 14/14 MP: 1/1
   125 | D:1      | Reached XP level 2. HP: 19/19 MP: 2/2
   548 | D:1      | Found a faded altar of an unknown god.
   559 | D:1      | Found Oroefrimp's Weapon Shoppe.
   774 | D:2      | Reached XP level 3. HP: 23/24 MP: 3/3
  1528 | D:3      | Reached XP level 4. HP: 29/29 MP: 4/4
  1624 | D:3      | Found Junul's Distillery.
  1659 | D:3      | Found Soti's Armour Boutique.
  1954 | D:3      | Found Yqaked's Magic Scroll Shoppe.
  1983 | D:3      | Reached XP level 5. HP: 33/33 MP: 5/5
  2085 | D:3      | Found a transporter.
  2085 | D:3      | Found Tod Fofa's Armour Shoppe.
  2265 | D:3      | Found a transporter.
  2267 | D:3      | Reached skill level 1 in Dodging
  2498 | D:4      | Noticed a centaur
  2508 | D:4      | Killed a centaur
  2583 | D:4      | Noticed Natasha
  2613 | D:4      | Killed Natasha
  2614 | D:4      | Reached XP level 6. HP: 2/38 MP: 6/6
  2929 | D:4      | Noticed a wyvern
  2956 | D:4      | Mangled by a wyvern

Illustrated notes

Levels and vault maps discovered:
D:1:      minmay_arrival_up_and_down, layout_basic,
          chequers_ecumenical_altar_twisty, serial_shops,
          nicolae_shop_tiny_real_fake_doors, st_stairs_3, minmay_lizard_pond
D:2:      layout_loops_ring, nicolae_half_adder
D:3:      layout_loops_ring, serial_shops, nicolae_shop_drivethru, shop,
          nicolae_shop_scrapyard, nicolae_shop_pleasant_corner_grove
D:4:      cheibrodos_barr_body, layout_rooms, serial_shops,
          nicolae_shop_industrial_runoff, dilly_guarded_unrand_morg, uniq_edmund

Skill      XL: |  1  2  3  4  5  6 |
---------------+-------------------+-----
Armour         | 4 |  4.9
Fighting       | 4 |  4.4
Maces & Flails | 3 4 |  4.2
Dodging        | 1 |  1.4
Shields        | 4 |  4.1

Action                     |  1- 3 |  4- 6 || total
---------------------------+-------+-------++-------
  Melee: Flail             |   155 |   203 ||   358
 Armour: Scale mail        |   101 |   160 ||   261
  Dodge: Dodged            |   102 |   166 ||   268
  Block: Buckler           |    38 |    56 ||    94

Table legend: (Time is in decaauts)
 A = Elapsed time spent in this place.
 B = Non-inter-level travel time spent in this place.
 C = Inter-level travel time spent in this place.
 D = Time resting spent in this place.
 E = Time spent auto-exploring this place.
 F = Levels seen in this place.
 G = Mean time per level.
                   A        B        C        D        E       F      G
               +--------+--------+--------+--------+--------+-----+--------+
         Total |   3065 |   2839 |    226 |    154 |   1893 |   4 |  766.2 |
       Dungeon |   3065 |   2839 |    226 |    154 |   1893 |   4 |  766.2 |
               +--------+--------+--------+--------+--------+-----+--------+

Top non-repeatable levels by time:
     D:3: 1073 daAuts
     D:2: 867 daAuts
     D:1: 686 daAuts
     D:4: 437 daAuts
